 Dungeon Crawl Stone Soup version 0.21.1-1-g345015fe64 (webtiles) character file.

8031 Htamos the Thaumaturge (level 11, -3/62 HPs)
             Began as a Gargoyle Wizard on July 11, 2018.
             Was an Initiate of Gozag.
             Slain by a killer bee (6 damage)
             ... on level 8 of the Dungeon.
             The game lasted 00:40:11 (11241 turns).

Htamos the Thaumaturge (Gargoyle Wizard)           Turns: 11241, Time: 00:40:11

Health: -3/62      AC: 22    Str: 12    XL:     11   Next: 24%
Magic:  33/33      EV: 10    Int: 21    God:    Gozag
Gold:   1329       SH:  0    Dex:  8    Spells: 21/28 levels left

rFire    + . .     SeeInvis .   k - +5 dagger (venom)
rCold    . . .     Gourm    .   (no shield)
rNeg     + . .     Faith    .   P - +0 scale mail (curse)
rPois    ∞         Spirit   .   b - +0 hat
rElec    +         Reflect  .   O - +1 cloak
rCorr    .         Harm     .   n - +2 pair of gloves
MR       .....                  (no boots)
Stlth    ..........             (no amulet)
HPRegen  0.20/turn              x - ring of magical power
MPRegen  0.23/turn              E - +3 ring of protection

@: about to teleport, gold aura, berserk cooldown, flying (expiring), very
slightly contaminated, invisible
A: fire resistance 1, mutation resistance 1, negative energy resistance 1,
electricity resistance, unbreathing, petrification resistance, rot immunity, AC
+8
a: Potion Petition, Call Merchant, Bribe Branch, Renounce Religion


You were on level 8 of the Dungeon.
You worshipped Gozag.
Gozag was most pleased with you.
You were near starving.

You visited 1 branch of the dungeon, and saw 9 of its levels.

You collected 1346 gold pieces.
You paid 17 gold pieces to Gozag.

Inventory:

Hand Weapons
 k - a +5 dagger of venom (weapon)
 r - a +0 blowgun
 N - a -2 dagger
Missiles
 s - 41 poisoned needles
Armour
 a - a +0 robe
 b - a +0 hat (worn)
 n - a +2 pair of gloves (worn)
 z - the +0 leather armour of the Bruised Moons {-Tele rF+ Dex+3}
   (You found it on level 4 of the Dungeon)

   It affects your dexterity (+3).
   It protects you from fire.
   It prevents most forms of teleportation.
 J - a +0 ring mail
 O - a +1 cloak (worn)
 P - a cursed +0 scale mail (worn)
Jewellery
 h - an uncursed ring of resist corrosion
 l - an uncursed amulet of the gourmand
 u - an uncursed amulet of harm {unknown}
 w - a +5 ring of strength
 x - a ring of magical power (left hand)
 B - an uncursed amulet of harm {unknown}
 D - a -6 ring of evasion
 E - a +3 ring of protection (right hand)
Wands
 g - a wand of enslavement (31)
 A - a wand of polymorph (42)
 G - a wand of disintegration (27)
 K - a wand of random effects (27)
 M - a wand of flame (19)
Scrolls
 f - 2 scrolls of teleportation
 i - a scroll of fog
 p - 2 scrolls of remove curse
 q - a scroll of immolation
 F - a scroll of blinking {unknown}
 I - a scroll of enchant armour {unknown}
Potions
 e - a potion of flight
 o - 2 potions of brilliance
Books
 c - a book of Minor Magic

   Spells                             Type                      Level
   a - Magic Dart                     Conjuration                  1
   b - Blink                          Translocation                2
   c - Call Imp                       Summoning                    2
   d - Slow                           Hexes                        2
   e - Conjure Flame                  Conjuration/Fire             3
   f - Mephitic Cloud                 Conjuration/Poison/Air       3
 y - a book of Cantrips

   Spells                             Type                      Level
   a - Confusing Touch                Hexes                        1
   b - Animate Skeleton               Necromancy                   1
   c - Summon Small Mammal            Summoning                    1
   d - Apportation                    Translocation                1
 H - a book of Clouds

   Spells                             Type                      Level
   a - Poisonous Vapours              Poison/Air                   2
   b - Mephitic Cloud                 Conjuration/Poison/Air       3
   c - Conjure Flame                  Conjuration/Fire             3
   d - Freezing Cloud                 Conjuration/Ice/Air          6
   e - Ring of Flames                 Charms/Fire                  7
Comestibles
 d - 4 rations


   Skills:
 + Level 4.8 Fighting
 + Level 7.7 Short Blades
 * Level 6.1 Dodging
 - Level 2.1 Stealth
 + Level 9.0 Spellcasting
 + Level 8.1 Conjurations
 + Level 2.9 Summonings
   Level 0.8 Translocations


You had 21 spell levels left.
You knew the following spells:

 Your Spells              Type           Power        Failure   Level  Hunger
a - Magic Dart            Conj           ####         1%          1    None
b - Animate Skeleton      Necr           N/A          36%         1    None
c - Call Imp              Summ           ###.....     19%         2    None
d - Mephitic Cloud        Conj/Pois/Air  ###.....     36%         3    None


Dungeon Overview and Level Annotations

Branches:
Dungeon (9/15)             Temple (0/1) D:5
   Lair: D:8-11         Orc: D:9-12

Altars:
Ashenzari
Elyvilon
Fedhas
Gozag
Kikubaaqudgha
Okawaru


Innate Abilities, Weirdness & Mutations

You are resistant to torment.
Your stone body is resilient. (AC +8)
You are immune to poison.
You resist negative energy. (rN+)
You are resistant to electric shocks. (rElec)
You can survive without breathing.
You are immune to petrification.
You are immune to rotting.
Your flesh is heat resistant. (rF+)
You are somewhat resistant to further mutation.


Message History

* * * LOW HITPOINT WARNING * * *
Unknown command.
It was a potion of invisibility.
You fade into invisibility!
The killer bee closely misses you.
The killer bee stings you but does no damage.
The killer bee barely misses you. x2
You are very lightly contaminated with residual magic.
You miss the killer bee.
The killer bee is severely wounded.
The killer bee closely misses you. The killer bee barely misses you. x2
The killer bee closely misses you.
Unknown command.
You miss the killer bee.
The killer bee is severely wounded.
You are starting to lose your buoyancy.
The killer bee stings you but does no damage.
The killer bee stings you.
You die...
Your body crumbles into a pile of gold.

##.#...............#
###..................#
....................>#
....##...............#
..######...###.......#
.#.......#.# ###.#####
...##.####.# #.# .####.#
#.# #y# .####.####.# #@#
........##<## ##y##
.#####......# #.y.########
.# ####...###..........#
## ##................#
########.................#
.........................#
......#..#####...........#
...####.## #....########


You could see 3 killer bees.

Vanquished Creatures
  A two-headed ogre (D:7)
  The ghost of dingdong the Quickloader, a novice MiHu (D:7)
  The ghost of letownia the Martial Artist, a novice DsGl of Ru (D:8)
  Pikel (D:3)
  A queen bee (D:9)
  A wraith (D:7)
  Eustachio (D:4)
  6 yaks
  A wyvern (D:9)
  The ghost of Thargor the Vandal, an amateur HaHu (D:3)
  3 orc warriors
  5 sky beasts
  A slave (D:4)
  2 ice beasts
  A centaur (D:9)
  3 ogres
  2 phantoms
  2 bullfrogs (D:6)
  A gnoll sergeant (D:5)
  4 scorpions
  16 killer bees
  15 howler monkeys
  2 crimson imps
  3 bullfrog zombies
  An orc priest (D:7)
  A centaur skeleton (D:7)
  7 hounds
  2 bullfrog skeletons
  4 iguanas
  5 orc wizards
  6 worker ants
  15 adders
  11 gnolls
  A howler monkey skeleton (D:6)
  2 worker ant zombies
  A shadow imp (D:4)
  An adder skeleton (D:6)
  An adder zombie (D:9)
  4 worms
  2 dart slugs (D:1)
  7 leopard geckos
  20 orcs
  7 giant cockroaches
  6 goblins
  7 hobgoblins
  7 jackals
  7 quokkas
  A ball python (D:5)
  7 bats
  2 frilled lizards
  14 kobolds
  A leopard gecko skeleton (D:8)
  A leopard gecko zombie (D:5)
  3 rats
229 creatures vanquished.

Vanquished Creatures (others)
  An unseen horror (D:9)
  2 slaves (D:4)
  An orc (D:4)
  A quokka (D:4)
5 creatures vanquished.

Grand Total: 234 creatures vanquished

Notes
Turn   | Place    | Note
-------+----------+-------------------------------------------
     0 | D:1      | Htamos the Gargoyle Wizard began the quest for the Orb.
     0 | D:1      | Reached XP level 1. HP: 10/10 MP: 4/4
   371 | D:1      | Reached XP level 2. HP: 15/15 MP: 0/6
   816 | D:1      | Reached XP level 3. HP: 19/19 MP: 0/8
  1298 | D:1      | Reached skill level 4 in Spellcasting
  1522 | D:2      | Reached XP level 4. HP: 24/24 MP: 0/10
  2316 | D:3      | Reached XP level 5. HP: 24/28 MP: 10/12
  2641 | D:3      | Noticed Thargor's ghost (amateur HaHu)
  3064 | D:3      | Killed Thargor's ghost
  3064 | D:3      | Reached skill level 1 in Short Blades
  3064 | D:3      | Reached skill level 5 in Spellcasting
  3064 | D:3      | Reached XP level 6. HP: 24/32 MP: 0/14
  3211 | D:3      | Learned a level 1 spell: Animate Skeleton
  3244 | D:3      | Found an opulent altar of Gozag.
  3393 | D:3      | Became a worshipper of Gozag Ym Sagoz the Greedy
  3407 | D:4      | Noticed a phantom
  3438 | D:4      | Noticed a slave
  3454 | D:4      | Killed a slave
  3479 | D:4      | Noticed a slave
  3480 | D:4      | Noticed Pikel
  3483 | D:4      | Noticed a slave
  3485 | D:4      | Noticed a slave
  3575 | D:3      | Killed Pikel
  3575 | D:3      | Reached skill level 6 in Spellcasting
  3575 | D:3      | Reached skill level 5 in Conjurations
  3575 | D:3      | Reached XP level 7. HP: 18/36 MP: 14/16
  3613 | D:4      | Noticed Eustachio
  3728 | D:4      | Got a warped leather armour
  3739 | D:4      | Identified the cursed +0 leather armour of the Bruised Moons {-Tele rF+ Dex+3} (You found it on level 4 of the Dungeon)
  3810 | D:4      | Killed Eustachio
  3898 | D:4      | Reached XP level 8. HP: 39/41 MP: 16/18
  4195 | D:5      | Entered Level 5 of the Dungeon
  4210 | D:4      | Reached skill level 7 in Spellcasting
  4619 | D:5      | Found a white marble altar of Elyvilon.
  4847 | D:5      | Found an iron altar of Okawaru.
  5040 | D:5      | Found a staircase to the Ecumenical Temple.
  5100 | D:6      | Noticed a yak
  5100 | D:6      | Noticed a yak
  5100 | D:6      | Noticed a yak
  5100 | D:6      | Noticed a yak
  5100 | D:6      | Noticed a yak
  5102 | D:6      | Noticed a yak
  5118 | D:5      | Killed a yak
  5118 | D:5      | Reached XP level 9. HP: 32/46 MP: 20/20
  5234 | D:6      | Reached skill level 1 in Fighting
  5436 | D:6      | Reached skill level 5 in Short Blades
  6379 | D:6      | Reached skill level 8 in Spellcasting
  7419 | D:7      | Reached XP level 10. HP: 52/56 MP: 22/22
  7481 | D:7      | Found an ancient bone altar of Kikubaaqudgha.
  7929 | D:7      | Noticed dingdong's ghost (novice MiHu)
  7967 | D:7      | Killed dingdong's ghost
  8747 | D:8      | Noticed letownia's ghost (novice DsGl)
  9030 | D:7      | Learned a level 2 spell: Call Imp
  9530 | D:8      | Noticed a two-headed ogre
  9539 | D:8      | Reached skill level 5 in Dodging
  9883 | D:7      | Killed a two-headed ogre
  9883 | D:7      | Reached skill level 1 in Summonings
 10330 | D:8      | Learned a level 3 spell: Mephitic Cloud
 10370 | D:7      | Gained mutation: Your flesh is cold resistant. (rC+) [potion of mutation]
 10370 | D:7      | Gained mutation: Your body sometimes deteriorates upon taking damage. [potion of mutation]
 10370 | D:7      | Gained mutation: You have sharp toenails. [potion of mutation]
 10371 | D:7      | Lost mutation: You have sharp toenails. [potion of mutation]
 10371 | D:7      | Lost mutation: Your body sometimes deteriorates upon taking damage. [potion of mutation]
 10371 | D:7      | Lost mutation: Your flesh is cold resistant. (rC+) [potion of mutation]
 10371 | D:7      | Gained mutation: Your flesh is heat resistant. (rF+) [potion of mutation]
 10371 | D:7      | Gained mutation: You are somewhat resistant to further mutation. [potion of mutation]
 10507 | D:8      | Killed letownia's ghost
 10507 | D:8      | Reached XP level 11. HP: 62/62 MP: 23/23
 10975 | D:9      | Found a shattered altar of Ashenzari.
 11070 | D:9      | Reached skill level 9 in Spellcasting
 11083 | D:9      | Found a blossoming altar of Fedhas.
 11174 | D:9      | Killed an unseen horror
 11238 | D:8      | HP: 3/62 [killer bee (5)]
 11241 | D:8      | Slain by a killer bee

Skill      XL: |  1  2  3  4  5  6  7  8  9 10 11 |
---------------+----------------------------------+-----
Spellcasting   | 4 5 6 7 8 9 |  9.0
Conjurations   | 2 3 5 6 7 8 |  8.1
Short Blades   | 1 2 4 6 7 |  7.7
Fighting       | 3 4 |  4.8
Dodging        | 3 5 6 |  6.1
Summonings     | 2 |  2.9
Stealth        | |  2.1
Translocations | |  0.8

Action                   |  1- 3 |  4- 6 |  7- 9 | 10-12 || total
-------------------------+-------+-------+-------+-------++-------
Melee: Unarmed           |    11 |       |       |       ||    11
       Dagger            |     7 |    68 |   314 |   472 ||   861
 Cast: Magic Dart        |    86 |    99 |   120 |    82 ||   387
       Call Imp          |       |       |       |    16 ||    16
  Use: Scroll            |       |       |    14 |     7 ||    21
       Potion            |       |       |       |    15 ||    15
 Stab: Distracted        |       |       |     1 |     1 ||     2
       Sleeping          |       |       |     1 |       ||     1
  Eat: Chunk             |     2 |     2 |       |       ||     4
       Ration            |       |     1 |     4 |     3 ||     8
Armor: Robe              |    22 |    39 |     1 |       ||    62
       Leather armour    |       |       |   117 |   108 ||   225
       Skin              |       |       |    11 |   111 ||   122
       Scale mail        |       |       |       |   102 ||   102
       Ring mail         |       |       |       |    14 ||    14
Dodge: Dodged            |    23 |    52 |   147 |   250 ||   472
